 Dungeon Crawl Stone Soup version 0.17-a0-1989-gfb2cd5c (webtiles) character file.

102 Destructed3 the Grave Robber (level 4, 0/31 HPs)
             Began as a Mummy Necromancer on Oct 7, 2015.
             Was a Believer of Makhleb.
             Slain by an orc
             ... wielding a +0 hand axe
              (2 damage)
             ... on level 3 of the Dungeon.
             The game lasted 00:16:26 (2547 turns).

Destructed3 the Grave Robber (Mummy Necromancer)    Turns: 2547, Time: 00:16:27

Health: 0/31       AC:  3    Str: 11    XL:     4   Next: 49%
Magic:  1/7        EV: 12    Int: 15    God:    Makhleb [**....]
Gold:   65         SH:  0    Dex: 12    Spells: 3 memorised, 1 level left

rFire  x . .     SeeInvis +     g - +2 hand axe (elec)
rCold  + . .     Clarity  .     a - +0 robe
rNeg   + + +     SustAt   .     (no shield)
rPois  ∞         Gourm    .     c - +0 helmet
rElec  .         Spirit   .     (no cloak)
rCorr  .         Warding  .     (no gloves)
rMut   .         Stasis   .     (no boots)
MR     .....                    d - amulet of faith
Stlth  ++........               o - ring of see invisible
                                p - ring of wizardry

@: not resistant to hostile enchantments, unstealthy
A: no food or potions, fire vulnerability, cold resistance 1, negative energy
resistance 3, torment resistance, unbreathing
a: Minor Destruction, Renounce Religion


You were on level 3 of the Dungeon.
You worshipped Makhleb.
Makhleb was pleased with you.
You were not hungry.

You visited 1 branch of the dungeon, and saw 3 of its levels.

You collected 65 gold pieces.

Inventory:

Hand Weapons
 g - a +2 hand axe of electrocution (weapon)
 j - a +0 dagger
 m - a +0 hand axe of flaming
Armour
 a - a +0 robe (worn)
 c - a +0 helmet (worn)
Jewellery
 d - an amulet of faith (around neck)
 e - an uncursed ring of flight
 o - a ring of see invisible (right hand)
 p - a ring of wizardry (left hand)
Scrolls
 h - a scroll of enchant weapon
 i - a scroll of random uselessness {unknown}
 k - a scroll of magic mapping {unknown}
 l - a scroll of fog {unknown}
 n - a scroll of remove curse {unknown}
 q - a scroll of teleportation {unknown}
 r - a scroll of identify
Potions
 f - a potion of cancellation {unknown}
Books
 b - a book of Necromancy

   Spells                             Type                      Level
   a - Pain                           Necromancy                   1
   b - Animate Skeleton               Necromancy                   1
   c - Vampiric Draining              Necromancy                   3
   d - Regeneration                   Charms/Necromancy            3
   e - Animate Dead                   Necromancy                   4
   f - Control Undead                 Necromancy                   4


   Skills:
 + Level 0.6 Fighting
 * Level 0.4 Axes
 - Level 1.5 Dodging
 - Level 1.5 Stealth
 - Level 2.0 Spellcasting
 + Level 5.8 Necromancy


You had one spell level left.
You knew the following spells:

 Your Spells              Type           Power        Failure   Level  Hunger
a - Pain                  Necr           ###.         1%          1    N/A
b - Animate Skeleton      Necr           N/A          1%          1    N/A
c - Animate Dead          Necr           N/A          10%         4    N/A

Dungeon Overview and Level Annotations

Branches:
Dungeon (3/15)

Altars:
Makhleb
Trog
Xom


Innate Abilities, Weirdness & Mutations

You do not eat or drink.
Your flesh is vulnerable to fire.
You are immune to poison.
Your flesh is cold resistant.
You are immune to negative energy.
You are immune to unholy pain and torment.
You can survive without breathing.


Message History

The orc wizard is lightly wounded.
You hit the orc but do no damage.
The orc is moderately wounded.
The orc wizard hits you with a dagger of draining.
* * * LOW HITPOINT WARNING * * *
The orc barely misses you.
You barely miss the orc wizard.
The orc wizard is lightly wounded.
You barely miss the orc.
The orc is moderately wounded.
The orc wizard hits you but does no damage.
The orc closely misses you.
You hit the orc wizard.
The orc wizard is moderately wounded.
You hit the orc.
The orc is severely wounded.
The orc wizard mumbles some strange words.
The orc wizard flickers and vanishes for a moment.
The orc hits you with a hand axe.
You die...

.......).....#............#......
............#.............#......
..........................#......
##.....##..).......#......#......
#........##.......###### #......
###.......##..)#.### ###.....
..#.......'...)#.####### #.......
..........##...o.......# #.......
.......##.##...o@..###.###.......
..........##.......# #.#.........
......(...##.......###.#.........
..........##.......##......##....
...................##......#.....
...........##..............+..<##
...........###.###.##......#.....
...........................##Z...
...........................##Z...


You could see an orc wizard (invisible) and an orc.

Vanquished Creatures
  Jessica (D:2)
  An adder (D:2)
  2 giant geckos
  3 orcs (D:3)
  2 ball pythons
  7 bats
  4 giant cockroaches
  8 goblins
  3 hobgoblins
  7 jackals (D:3)
  2 giant newts
  7 kobolds
  7 rats
54 creatures vanquished.

Vanquished Creatures (collateral kills)
  A bat (D:1)
  A giant cockroach (D:1)
  A jackal (D:3)
  A rat (D:1)
4 creatures vanquished.

Grand Total: 58 creatures vanquished

Notes
Turn   | Place    | Note
--------------------------------------------------------------
     0 | D:1      | Destructed3 the Mummy Necromancer began the quest for the Orb.
     0 | D:1      | Reached XP level 1. HP: 13/13 MP: 3/3
    14 | D:1      | Learned a level 1 spell: Animate Skeleton
   260 | D:1      | Reached XP level 2. HP: 17/19 MP: 1/5
  1097 | D:2      | Noticed Jessica
  1102 | D:2      | Killed Jessica
  1102 | D:2      | Reached skill level 5 in Necromancy
  1102 | D:2      | Reached XP level 3. HP: 23/25 MP: 1/6
  1384 | D:2      | Found a faded altar to an unknown god.
  1394 | D:2      | Became a worshipper of Makhleb the Destroyer
  1394 | D:2      | Acquired Makhleb's first power
  1473 | D:2      | Reached XP level 4. HP: 31/31 MP: 5/7
  1949 | D:3      | Acquired Makhleb's second power
  1960 | D:3      | Learned a level 4 spell: Animate Dead
  2167 | D:3      | Found a shimmering altar of Xom.
  2167 | D:3      | Found a bloodstained altar of Trog.
  2383 | D:3      | Found a shimmering altar of Xom.
  2387 | D:3      | Found a shimmering altar of Xom.
  2391 | D:3      | Found a shimmering altar of Xom.
  2391 | D:3      | Found a shimmering altar of Xom.
  2471 | D:3      | Found a shimmering altar of Xom.
  2476 | D:3      | Found a shimmering altar of Xom.
  2545 | D:3      | HP: 1/31 [orc wizard/dagger of draining (4)]
  2547 | D:3      | Slain by an orc

Vault maps used:
D:1:      lightli_arrival_chessboard, roderic_serpentine_path
D:2:      ecumenical_altar_2, first_bread, grunt_ministairs_15,
          kennysheep_another_room, serial_bayou_ford_a, uniq_jessica
D:3:      gammafunk_temple_overflow_wave, xom_redecorated

Action                   |  1- 3 |  4- 6 || total
-------------------------+-------+-------++-------
Melee: Unarmed           |    15 |       ||    15
       Hand axe          |    11 |    28 ||    39
 Cast: Pain              |    39 |    30 ||    69
       Animate Skeleton  |    11 |     4 ||    15
       Animate Dead      |       |     5 ||     5
  Use: Scroll            |     1 |       ||     1
 Stab: Distracted        |     1 |       ||     1
       Sleeping          |     1 |       ||     1
